 Dungeon Crawl Stone Soup version 0.13-a0-2477-geaae114 (webtiles) character file.

320 Mathinus the Sneak (level 5, -3/34 HPs)
             Began as a Halfling Assassin on July 19, 2013.
             Slain by JogiH's ghost (8 damage)
             ... in a sewer.
             The game lasted 00:14:18 (2627 turns).

Mathinus the Sneak (Halfling Assassin)              Turns: 2627, Time: 00:14:19

HP  -3/34        AC  4     Str  8      XL: 5   Next: 84%
MP   0/4         EV 22     Int 11      God:
Gold 146         SH  0     Dex 24      Spells:  0 memorised,  4 levels left

Res.Fire  : . . .   See Invis. : .   a - +2 dagger {=f}
Res.Cold  : . . .   Warding    : .   c - +1 robe
Life Prot.: . . .   Conserve   : .   (no shield)
Res.Poison: .       Res.Corr.  : .   (no helmet)
Res.Elec. : .       Clarity    : .   d - +0 cloak
Sust.Abil.: . .     Spirit.Shd : .   (no gloves)
Res.Mut.  : .       Stasis     : .   (no boots)
Res.Rott. : .       Flight     : .   (no amulet)
Saprovore : . . .                    (no ring)
                                     (no ring)

@: confused, agile, mildly poisoned, slightly resistant to hostile enchantments,
stealthy
A: mutation resistance 1, slow metabolism 1
a: no special abilities


You were in a sewer.
You were not hungry.

You visited 1 branch of the dungeon, and saw 3 of its levels.
You also visited: Sewer.

You collected 96 gold pieces.

Inventory:

Hand weapons
 a - a +2,+2 dagger (weapon) {=f}
 b - a +0 blowgun
 l - a +0,+0 dagger (quivered)
 r - a +0,+0 mace of holy wrath
 v - a cursed -1,+0 orcish dagger
 x - a +0,+0 orcish dagger
Missiles
 e - 8 poisoned needles
 f - 2 curare-tipped needles
 n - 85 bolts
 y - 21 arrows
Armour
 c - a +1 robe (worn)
 d - a +0 cloak (worn)
Magical devices
 q - a wand of random effects (13) {unknown}
Comestibles
 g - 4 bread rations
 j - an apple
 m - a pear
 o - a chunk of adder flesh
 A - 2 chunks of worm flesh
Scrolls
 u - a scroll of recharging {unknown}
 w - 2 scrolls of identify
 z - 2 scrolls of teleportation
Potions
 i - a potion of restore abilities
 k - a potion of speed {unknown}
 p - a potion of curing {unknown}
 s - a potion of mutation {unknown}
 t - a potion of brilliance {unknown}


   Skills:
 + Level 2.1 Fighting
 + Level 3.6 Short Blades
 + Level 3.1 Throwing
 + Level 3.0 Dodging
 + Level 7.6 Stealth


You had 4 spell levels left.
You didn't know any spells.

Dungeon Overview and Level Annotations

Branches:
Dungeon (3/27)

Altars:
Cheibriados
Makhleb
Sif Muna

Annotations
Sewer JogiH's ghost, experienced DjWz


Innate Abilities, Weirdness & Mutations

You are small and have problems with some larger weapons.
You are somewhat resistant to further mutation.
You have a slow metabolism.


Message History

JogiH's ghost misses you.
The crimson imp shouts, "Go and return not, thou unmuzzled spleeny crunchlet!"
You hit JogiH's ghost.
JogiH's ghost is lightly damaged.
You are engulfed in noxious fumes.
You choke on the stench!
You are more confused.
You feel sick.
The bat is engulfed in noxious fumes.
JogiH's ghost hits you but does no damage.
Unknown command.
Ouch! The bat closely misses the bat.
JogiH's ghost hits you!
* * * LOW HITPOINT WARNING * * *
You feel your power leaking away.
Drink which item? (? for menu, Esc to quit)
You feel more agile all of a sudden.
* * * LOW HITPOINT WARNING * * *
You feel sick.
The bat flutters around in erratic circles.
The bat is engulfed in noxious fumes.
The bat appears confused.
JogiH's ghost hits you!
You die...

######
##.....##
#...≈.5.##
#...≈≈≈.%p##
...≈≈≈≈≈§§@#
#...≈b≈.§§##
#...≈..b##
##.....##
######


You could see a crimson imp, JogiH's ghost and 2 bats.

Vanquished Creatures
  A hound (D:2)
  5 adders
  An inept feature mimic (D:2)
  A giant mite (D:3)
  2 worms
  3 grey rats (D:3)
  5 giant geckos
  7 giant cockroaches
  7 goblins
  9 hobgoblins
  4 jackals (D:1)
  2 quokkas (D:3)
  4 bats
  A giant newt (D:1)
  3 kobolds
  10 rats
65 creatures vanquished.

Vanquished Creatures (others)
  2 bats (Sewer)
2 creatures vanquished.

Grand Total: 67 creatures vanquished

Notes
Turn   | Place    | Note
--------------------------------------------------------------
     0 | D:1      | Mathinus, the Halfling Assassin, began the quest for the Orb.
     0 | D:1      | Reached XP level 1. HP: 13/13 MP: 0/0
   258 | D:1      | Reached XP level 2. HP: 8/18 MP: 1/1
   671 | D:1      | Reached skill level 6 in Stealth
  1000 | D:2      | Found a burning altar of Makhleb.
  1018 | D:2      | Reached XP level 3. HP: 5/23 MP: 2/2
  1018 | D:2      | Reached XP level 4. HP: 6/29 MP: 3/3
  1368 | D:2      | Found a deep blue altar of Sif Muna.
  1426 | D:2      | Reached skill level 7 in Stealth
  1626 | D:2      | Reached XP level 5. HP: 32/34 MP: 4/4
  2316 | D:3      | Found a snail-covered altar of Cheibriados.
  2599 | D:3      | Found a glowing drain.
  2609 | Sewer    | Entered a sewer
  2609 | Sewer    | Noticed JogiH's ghost (experienced DjWz)
  2627 | Sewer    | Slain by JogiH's ghost

Action                   |  1- 3 |  4- 6 || total
-------------------------+-------+-------++-------
Melee: Dagger            |    76 |   164 ||   240
  Use: Scroll            |     2 |     5 ||     7
       Potion            |     1 |     1 ||     2
 Stab: Sleeping          |     4 |    14 ||    18
       Distracted        |       |     1 ||     1
